AoeStats
← Huskarls4

Arena

504251967Analyzed
4v4 RM · 2mo ago on Sep 4, 2026· 49m 10s· 8 players
Game mode
Random Map
Map size
Large (8 player)
Population
200
Speed
Normal
Resources
Standard
Victory
Conquest
Starting age
Dark Age
Ending age
Imperial Age
RankedLock teamsTeams togetherTeam positionsShared explorationLock speedFull tech treeHidden civsTurbo modeCheats
Victory
Defeat
🇦🇷 Slavs · Argentina
1493
+12
🇰🇷 Mongols · South Korea
1373
+17
🇺🇸 Ethiopians · United States
1331
+19
🇬🇧 Khmer · United Kingdom
1306
+21
vs
🇬🇧 Shu · United Kingdom
1479
-20
🇩🇪 Poles · Germany
1422
-18
🇪🇸 Britons · Spain
1369
-16
1348
-15
Huskarls4
10:22 Feudal Age
14:50 Castle Age
12:55 Horse Collar
13:35 Double-Bit Axe
22:03 Wheelbarrow
22:23 Gold Mining
23:40 Bow Saw
25:07 Stone Mining
25:46 Heavy Plow
27:15 Hand Cart
30:12 Imperial Age
28:27 Scale Mail Armor
28:38 Forging
27:51 Pikeman
28:31 Squires
28:21 Loom
28:58 Fletching
30:02 Chain Mail Armor
30:29 Halberdier
31:53 Conscription
32:27 Plate Mail Armor
34:12 Two-Man Saw
33:47 Masonry
34:39 Chemistry
33:36 Bodkin Arrow
33:43 Town Watch
36:44 Architecture
36:27 Arson
36:56 Bracer
37:24 Coiled Serpent Array
38:47 Bolt Magazine
38:11 Elite White Feather Guard
43:30 Gold Shaft Mining
44:51 Ballistics
45:09 Hoardings
noob
11:01 Feudal Age
15:29 Castle Age
15:32 Double-Bit Axe
15:30 Horse Collar
16:29 Bow Saw
16:24 Loom
18:07 Light Cavalry
22:57 Forging
23:26 Husbandry
24:14 Bloodlines
25:46 Wheelbarrow
25:12 Town Watch
26:17 Iron Casting
26:43 Scale Barding Armor
28:29 Szlachta Privileges
29:07 Chain Barding Armor
30:37 Fletching
33:48 Hand Cart
38:29 Imperial Age
39:22 Cavalier
40:23 Conscription
41:05 Blast Furnace
40:44 Heavy Plow
41:34 Winged Hussar
45:28 Lechitic Legacy
抖音帝国时代阿飞
10:41 Feudal Age
11:33 Double-Bit Axe
15:25 Castle Age
13:38 Horse Collar
14:00 Loom
14:31 Stone Mining
15:11 Gold Mining
16:27 Bow Saw
25:09 Fletching
29:57 Wheelbarrow
34:25 Imperial Age
33:12 Nomads
33:31 Bodkin Arrow
33:56 Fortified Wall
34:23 Heavy Plow
35:31 Conscription
35:34 Drill
36:37 Chemistry
36:50 Gold Shaft Mining
36:38 Hand Cart
37:21 Onager
39:16 Siege Engineers
42:17 Siege Onager
42:57 Capped Ram
43:58 Siege Ram
45:04 Bracer
46:27 Pikeman
47:07 Squires
derri
10:33 Feudal Age
15:00 Castle Age
14:34 Horse Collar
14:40 Double-Bit Axe
16:04 Bow Saw
16:15 Town Watch
18:38 Loom
20:19 Wheelbarrow
20:18 Heavy Plow
20:47 Scale Barding Armor
22:21 Fletching
24:20 Gold Mining
28:21 Gold Shaft Mining
30:38 Imperial Age
28:08 Crossbowman
30:22 Bodkin Arrow
31:13 Arbalester
31:55 Bracer
31:56 Padded Archer Armor
33:22 Ballistics
33:49 Onager
35:30 Conscription
36:17 Siege Engineers
38:48 Leather Archer Armor
38:55 Yeomen
39:43 Chemistry
38:55 Masonry
42:56 Hand Cart
43:16 Architecture
43:40 Herbal Medicine
45:27 Fortified Wall
Zilchland
2:34 Loom
3:06 Loom
5:26 Loom
10:13 Feudal Age
15:01 Castle Age
12:58 Double-Bit Axe
14:19 Loom
16:45 Loom
20:58 Loom
25:27 Pikeman
27:25 Horse Collar
28:49 Bow Saw
32:14 Wheelbarrow
35:26 Imperial Age
33:08 Light Cavalry
34:20 Scale Barding Armor
34:48 Husbandry
34:58 Bloodlines
35:13 Forging
35:25 Chain Barding Armor
35:34 Heavy Plow
36:20 Forging
36:33 Hussar
38:28 Iron Casting
40:37 Blast Furnace
42:04 Fletching
45:46 Conscription
45:28 Nomads
45:50 Drill
46:51 Hand Cart
46:32 Elite Steppe Lancer
48:08 Bodkin Arrow
48:14 Padded Archer Armor
49:29 Bracer
Shawzy Ze Great
10:09 Feudal Age
13:20 Castle Age
11:51 Double-Bit Axe
12:10 Horse Collar
21:20 Gold Mining
21:37 Husbandry
24:39 Scale Barding Armor
24:40 Loom
25:28 Forging
26:22 Chain Barding Armor
27:19 Bloodlines
27:46 Iron Casting
31:50 Imperial Age
32:27 Heavy Scorpion
33:44 Light Cavalry
34:49 Ballistics
35:31 Chemistry
35:21 Plate Barding Armor
34:37 Fletching
35:48 Blast Furnace
35:21 Bow Saw
35:29 Capped Ram
37:39 Double Crossbow
39:14 Conscription
39:02 Siege Engineers
42:36 Siege Ram
47:46 Bodkin Arrow
47:51 Padded Archer Armor
48:07 Fortified Wall
48:11 Masonry
47:29 Hussar
ChancellorTS
10:56 Feudal Age
11:58 Double-Bit Axe
14:33 Castle Age
23:40 Horse Collar
35:23 Imperial Age
33:29 Wheelbarrow
33:57 Ballistics
34:10 Fletching
34:21 Padded Archer Armor
34:01 Elite Skirmisher
36:23 Bodkin Arrow
36:43 Leather Archer Armor
37:32 Chemistry
36:32 Crossbowman
37:43 Thumb Ring
37:20 Arbalester
38:28 Bracer
|MP| pit master
10:33 Feudal Age
14:21 Castle Age
13:32 Double-Bit Axe
13:48 Horse Collar
16:32 Bow Saw
22:17 Wheelbarrow
23:21 Heavy Plow
23:16 Gold Mining
24:45 Gold Shaft Mining
24:40 Hand Cart
25:52 Gold Shaft Mining
25:09 Stone Mining
26:14 Town Watch
29:24 Imperial Age
28:11 Husbandry
28:22 Bloodlines
28:19 Scale Barding Armor
28:24 Forging
28:39 Loom
29:30 Chain Barding Armor
29:14 Detinets
30:56 Iron Casting
29:56 Elite Boyar
30:58 Conscription
31:54 Plate Barding Armor
32:50 Iron Casting
34:00 Coinage
35:12 Blast Furnace
34:15 Fletching
35:59 Banking
36:47 Ballistics
36:33 Bodkin Arrow
37:40 Chemistry
36:36 Murder Holes
36:47 Siege Engineers
38:16 Hoardings
37:53 Masonry
39:00 Capped Ram
40:51 Light Cavalry
41:57 Hussar
Connection lost

Rejoining the realm…

Still unreachable

The connection could not be restored.

Session expired

The server has moved on; the page needs a fresh start.